 Dungeon Crawl Stone Soup version 0.31-a0-198-g2ad674f65e (webtiles) character file.

Game seed: 14273886536488482673

48 lessens the Chopper (level 3, -4/35 HPs)
             Began as a Gnoll Berserker on June 26, 2023.
             Was a Believer of Trog.
             Slain by a yak (11 damage)
             ... on level 4 of the Dungeon.
             The game lasted 00:01:30 (1161 turns).

lessens the Chopper (Gnoll Berserker)               Turns: 1161, Time: 00:01:31

Health: -4/35      AC:  9    Str: 18    XL:     3   Next: 72%
Magic:  4/4        EV:  9    Int:  6    God:    Trog [**....]
Gold:   88         SH:  0    Dex: 11    Spells: 4/4 levels left

rFire   . . .        a - +0 hand axe
rCold   . . .        (no shield)
rNeg    . . .        i - +0 chain mail
rPois   .            (no helmet)
rElec   .            (no cloak)
rCorr   .            (no gloves)
SInv    .            (no boots)
Will    .....        (no amulet) Stlth
                     (no ring)
HPRegen 0.25/turn    (no ring)
MPRegen 0.09/turn

%: no passive effects
@: weak-willed
A: fangs 1, strong nose, distributed training
a: Renounce Religion, Berserk, Trog's Hand


You were on level 4 of the Dungeon.
You worshipped Trog.
Trog was pleased with you.
You visited 1 branch of the dungeon, and saw 3 of its levels.

You collected 88 gold pieces.

Inventory:

Hand Weapons
 a - a +0 hand axe (weapon)
Missiles
 g - 8 stones
Armour
 b - a +0 animal skin
 i - a +0 chain mail (worn)
Scrolls
 d - 5 scrolls of identify
Potions
 e - a potion of mutation {unknown}
 f - 2 potions of heal wounds


   Skills:
 + Level 6.5 Fighting
 + Level 1.0 Short Blades
 + Level 1.0 Long Blades
 + Level 6.5 Axes
 + Level 1.0 Maces & Flails
 + Level 1.0 Polearms
 + Level 1.0 Staves
 + Level 1.0 Ranged Weapons
 + Level 1.0 Throwing
 + Level 4.6 Armour
 + Level 4.6 Dodging
 + Level 1.0 Stealth
 + Level 1.0 Shields
 + Level 1.0 Unarmed Combat
 + Level 1.0 Spellcasting
 + Level 0.7 Conjurations
 + Level 0.7 Hexes
 + Level 0.7 Summonings
 + Level 0.7 Necromancy
 + Level 0.7 Translocations
 + Level 0.7 Transmutations
 + Level 0.7 Fire Magic
 + Level 0.7 Ice Magic
 + Level 0.7 Air Magic
 + Level 0.7 Earth Magic
 + Level 0.7 Poison Magic
 + Level 1.0 Invocations
 + Level 1.0 Evocations


You had 4 spell levels left.
You didn't know any spells.
Your spell library was empty.

Dungeon Overview and Level Annotations

Branches:
Dungeon (2/15) Zot: 16841

Altars:


Innate Abilities, Weirdness & Mutations

You have very sharp teeth.
Your uncanny sense of smell can sniff out nearby items.
Your experience applies equally to all skills.


Message History

Found a manual of Dodging.
The yak bellows!
You hear a shout!
You hear an angry hiss.
A sleepcap comes into view.
An endoplasm comes into view.
A hobgoblin comes into view.
The yak gores you but does no damage.
You slash the yak!
The yak is moderately wounded.
The yak gores you but does no damage.
You hit the yak.
The yak is moderately wounded.
A water moccasin comes into view.
The yak gores you.
The water moccasin hisses angrily.
You hit the yak but do no damage.
The yak is moderately wounded.
The yak gores you!
You hit the yak but do no damage.
The yak is moderately wounded.
The yak gores you but does no damage.
You hit the yak.
The yak is heavily wounded.
The yak gores you but does no damage.
You barely miss the yak.
The yak is heavily wounded.
The yak gores you but does no damage.
You barely miss the yak. You bite the yak, but do no damage.
The yak is heavily wounded.
The yak gores you.
As you read the scroll labelled ZETENIEXESM, it crumbles to dust.
The creatures around you are filled with an inner flame!
It was a scroll of immolation.
The yak gores you but does no damage.
As you read the scroll labelled POPNUXELAQ, it crumbles to dust.
Magic quickly surges around you.
It was a scroll of vulnerability.
The yak gores you!
* * * LOW HITPOINT WARNING * * *
As you read the scroll labelled GIVOHYN WATO, it crumbles to dust.
It is a scroll of identify.
f - 2 potions of heal wounds The yak gores you!
You die...

#....##....#
#....###+###
#...........
#..........#
###....##....#
#......##+####
#.#.....#
#.......#
#..###@..#
#..#.SY#..#
..###Jf ..# ∆
.# #g#. ..#
#:### ..# #.#
..# ..# ..# .#
..#


You could see a yak (inner flame, weak-willed), a water moccasin (inner flame,
weak-willed), a sleepcap (inner flame, weak-willed), an endoplasm (inner flame,
weak-willed) and a hobgoblin (inner flame, weak-willed).

Vanquished Creatures
  An adder (D:4)
  2 dart slugs (D:1)
  3 ball pythons
  3 bats (D:1)
  An endoplasm (D:1)
  2 giant cockroaches (D:1)
  4 goblins (D:1)
  4 jackals (D:1)
  3 kobolds (D:1)
  2 frilled lizards (D:1)
  8 rats (D:1)
33 creatures vanquished.

Notes
Turn   | Place    | Note
-------+----------+-------------------------------------------
     0 | D:1      | lessens the Gnoll Berserker began the quest for the Orb.
     0 | D:1      | Reached XP level 1. HP: 23/23 MP: 1/1
   306 | D:1      | Reached XP level 2. HP: 22/29 MP: 2/2
   342 | D:1      | Found a faded altar of an unknown god.
   500 | D:1      | Reached XP level 3. HP: 34/35 MP: 3/3
   707 | D:1      | Reached ** piety under Trog
   708 | D:1      | Reached skill level 1 in Invocations
  1097 | D:2      | You fall into a shaft and drop 2 floors!
  1126 | D:4      | Reached skill level 1 in Short Blades
  1126 | D:4      | Reached skill level 1 in Long Blades
  1126 | D:4      | Reached skill level 1 in Maces & Flails
  1126 | D:4      | Reached skill level 1 in Polearms
  1126 | D:4      | Reached skill level 1 in Staves
  1126 | D:4      | Reached skill level 1 in Ranged Weapons
  1126 | D:4      | Reached skill level 1 in Throwing
  1126 | D:4      | Reached skill level 1 in Stealth
  1126 | D:4      | Reached skill level 1 in Shields
  1126 | D:4      | Reached skill level 1 in Unarmed Combat
  1126 | D:4      | Reached skill level 1 in Spellcasting
  1126 | D:4      | Reached skill level 1 in Evocations
  1150 | D:4      | Noticed a yak
  1153 | D:4      | Noticed a water moccasin
  1161 | D:4      | Slain by a yak

Illustrated notes

Levels and vault maps discovered:
D:1:      dpeg_arrival_ratfight, layout_loops_ring, basic_ecumenical_altar,
          nicolae_hexahallways
D:2:      layout_basic
D:4:      layout_gridville, minmay_manual_mail

Skill      XL: |  1  2  3 |
---------------+----------+-----
Invocations    | 1 |  1.0
Short Blades   | 1 |  1.0
Long Blades    | 1 |  1.0
Maces & Flails | 1 |  1.0
Polearms       | 1 |  1.0
Staves         | 1 |  1.0
Ranged Weapons | 1 |  1.0
Throwing       | 1 |  1.0
Stealth        | 1 |  1.0
Shields        | 1 |  1.0
Unarmed Combat | 1 |  1.0
Spellcasting   | 1 |  1.0
Evocations     | 1 |  1.0
Fighting       | |  6.5
Axes           | |  6.5
Armour         | |  4.6
Dodging        | |  4.6
Conjurations   | |  0.7
Hexes          | |  0.7
Summonings     | |  0.7
Necromancy     | |  0.7
Translocations | |  0.7
Transmutations | |  0.7
Fire Magic     | |  0.7
Ice Magic      | |  0.7
Air Magic      | |  0.7
Earth Magic    | |  0.7
Poison Magic   | |  0.7

Action                     || total
---------------------------++-------
  Melee: Hand axe          ||   103
         Bite              ||    10
         Punch             ||     5
    Use: Scroll            ||     3
   Stab: Sleeping          ||     2
 Armour: Animal skin       ||    16
         Chain mail        ||    10
  Dodge: Dodged            ||    70

Table legend: (Time is in decaauts)
 A = Elapsed time spent in this place.
 B = Non-inter-level travel time spent in this place.
 C = Inter-level travel time spent in this place.
 D = Time resting spent in this place.
 E = Time spent auto-exploring this place.
 F = Levels seen in this place.
 G = Mean time per level.
                   A        B        C        D        E       F      G
               +--------+--------+--------+--------+--------+-----+--------+
         Total |   1158 |   1147 |     11 |      0 |    916 |   3 |  386.0 |
       Dungeon |   1158 |   1147 |     11 |      0 |    916 |   3 |  386.0 |
               +--------+--------+--------+--------+--------+-----+--------+

Top non-repeatable levels by time:
     D:1: 1070 daAuts
     D:4: 63 daAuts
     D:2: 23 daAuts

Levels and vault maps discovered:
D:1:      dpeg_arrival_ratfight, layout_loops_ring, basic_ecumenical_altar,
          nicolae_hexahallways
D:2:      layout_basic
D:4:      layout_gridville, minmay_manual_mail
